Map: 2000 Atmospheres LE

Players

Spirit

  • Race: Terran Terran

Solar - Winner!

  • Race: Zerg Zerg

Event: IEM Katowice 2022

VOD

Have the link to the VOD?

Description

Time

  • Played on: Feb. 24, 2022, 5:44 a.m.
  • Length: 23:43

All games in this series

Show
View Real Time Build Order
Export as new Build Order

Spirit Terran 

Build Orders:  

Get SALT Encoding   

  12  0:00  SCV  
  13  0:15  Supply Depot  
  13  0:18  SCV  
  14  0:39  Barracks  
  14  0:47  Barracks  
  14  0:51  SCV  
  15  1:03  SCV  
  16  1:15  SCV  
  17  1:25  Marine  
  17  1:27  Orbital Command  
  18  1:34  Bunker  
  18  1:35  Marine  
  19  1:43  Marine  
  20  1:47  Supply Depot  
  20  1:53  SCV  
  21  1:54  Marine  
  21  2:01  Marine  
  23  2:09  SCV  
  23  2:12  Marine  
  24  2:21  SCV  
  24  2:22  Marine  
  26  2:23  Command Center  
  26  2:27  Bunker  
  26  2:33  SCV  
  27  2:45  Supply Depot, SCV  
  27  2:46  Refinery  
  27  2:48  Refinery  
  28  2:57  SCV  
  29  3:06  Command Center  
  29  3:10  SCV  
  30  3:20  Bunker  
  30  3:22  SCV  
  31  3:33  Factory  
  31  3:34  SCV  
  31  3:38  Orbital Command  
  32  3:46  SCV  
  33  3:49  Barracks Reactor  
  33  3:54  Barracks Tech Lab  
  33  3:58  SCV  
  34  4:04  SCV  
  35  4:10  SCV  
  35  4:12  Stimpack, Marine  
  35  4:16  SCV  
  38  4:19  Orbital Command  
  38  4:22  SCV  
  39  4:25  Starport  
  39  4:26  Marine x2  
  39  4:28  SCV  
  39  4:30  Factory Reactor, Marine  
  43  4:35  SCV  
  43  4:37  Supply Depot  
  44  4:40  SCV  
  44  4:44  Refinery  
  45  4:46  SCV, Refinery  
  45  4:47  SCV, Marine  
  45  4:48  Marine  
  45  4:52  SCV, Marine  
  50  4:58  SCV  
  50  4:59  SCV  
  53  5:00  Supply Depot  
  53  5:04  SCV, Marine  
  55  5:10  SCV  
  55  5:11  SCV  
  55  5:12  Marine x2  
  58  5:14  Medivac  
  58  5:16  SCV  
  58  5:17  Medivac  
  58  5:19  Factory Tech Lab  
  63  5:22  SCV, Marine  
  63  5:23  SCV  
  66  5:28  SCV  
  66  5:29  Engineering Bay  
  66  5:30  Marine, Engineering Bay  
  66  5:33  Orbital Command  
  66  5:34  Marine  
  70  5:40  Marine  
  70  5:44  Liberator  
  70  5:45  SCV  
  70  5:47  Liberator  
  70  5:48  Marine  
  78  5:51  SCV, Marine  
  78  5:54  Siege Tank  
  83  5:57  SCV  
  83  5:58  Supply Depot, Marine  
  83  6:00  Combat Shield  
  85  6:05  Supply Depot  
  85  6:16  Terran Infantry Weapons Level 1  
  85  6:20  SCV x3, Marine x2  
  85  6:23  Barracks  
  85  6:24  Barracks  
  90  6:25  Barracks  
  90  6:27  Terran Infantry Armor Level 1  
  90  6:32  SCV x2, Medivac  
  95  6:43  Siege Tank  
  95  6:44  SCV x2  
  99  6:47  Supply Depot  
  99  6:48  Supply Depot  
  99  6:49  Bunker  
  99  6:50  SCV  
  99  6:51  Bunker  
  99  6:56  SCV x2  
  101  7:01  Armory  
  101  7:08  SCV x3, Medivac  
  106  7:15  Marine x2  
  106  7:18  Barracks Reactor x2  
  106  7:20  Barracks Reactor, SCV  
  110  7:22  SCV  
  110  7:27  SCV  
  111  7:31  Siege Tank  
  111  7:32  SCV, Marine  
  111  7:33  Marine  
  117  7:39  SCV, Refinery x2  
  117  7:40  Supply Depot  
  117  7:41  Medivac  
  117  7:42  Command Center  
  117  7:43  Supply Depot  
  117  7:49  Factory  
  117  8:01  Marine x5  
  117  8:02  SCV  
  117  8:05  SCV  
  124  8:06  Marine x4  
  124  8:07  Supply Depot x2  
  124  8:08  Terran Vehicle Weapons Level 1  
  128  8:14  Terran Infantry Weapons Level 2  
  128  8:19  Marine x3  
  131  8:23  Marine  
  131  8:24  Marine  
  133  8:27  Marine x3  
  133  8:28  SCV, Siege Tank  
  133  8:30  Supply Depot  
  133  8:34  Supply Depot, Factory Tech Lab, Marine  
  133  8:36  SCV  
  134  8:42  Medivac x2  
  134  8:43  Marine  
  134  8:44  Marine x4  
  134  8:45  SCV, Marine x2  
  134  8:46  SCV  
  147  8:50  Terran Infantry Armor Level 2  
  147  8:51  Marine  
  147  8:54  SCV  
  150  9:01  Marine  
  149  9:03  Command Center  
  149  9:07  SCV  
  150  9:12  SCV x2  
  150  9:16  Marine, Siege Tank  
  155  9:19  SCV  
  155  9:21  Siege Tank  
  155  9:22  Marine x5  
  164  9:24  SCV  
  164  9:30  Marine  
  166  9:33  Planetary Fortress  
  166  9:34  Refinery  
  166  9:36  SCV  
  166  9:38  Marine, Sensor Tower  
  167  9:39  Refinery  
  167  9:41  Marine  
  165  9:52  Barracks x2, Ghost Academy  
  165  9:53  Barracks  
  165  9:55  SCV  
  166  10:10  Siege Tank  
  166  10:14  Command Center  
  166  10:15  Sensor Tower  
  166  10:16  Supply Depot  
  166  10:18  Siege Tank  
  166  10:19  Marine, Marauder  
  172  10:22  Terran Vehicle Weapons Level 2  
  172  10:25  Missile Turret  
  172  10:38  Terran Infantry Weapons Level 3  
  172  10:40  Marauder  
  175  10:42  Siege Tank  
  175  10:47  Missile Turret  
  170  10:50  Siege Tank  
  170  10:57  Marine  
  173  11:02  Marauder  
  175  11:06  Barracks Tech Lab x3  
  174  11:15  Siege Tank  
  174  11:18  Command Center  
  173  11:22  Siege Tank  
  173  11:23  Marauder  
  178  11:25  Ghost  
  178  11:31  Orbital Command  
  180  11:37  Marauder  
  180  11:38  SCV  
  183  11:40  Planetary Fortress  
  183  11:42  Marauder  
  183  11:44  Missile Turret x2  
  183  11:45  Refinery, Marauder  
  183  11:46  Sensor Tower  
  183  11:47  Refinery, Siege Tank  
  175  11:55  Marauder  
  175  11:56  Marine  
  175  11:58  Marauder  
  165  12:02  Siege Tank  
  165  12:03  Ghost, Marine  
  165  12:06  Marauder  
  170  12:15  Ghost  
  170  12:18  Ghost  
  170  12:19  Siege Tank  
  171  12:27  Marauder  
  171  12:29  SCV  
  171  12:32  Marauder  
  171  12:35  Siege Tank  
  176  12:42  Orbital Command  
  176  12:45  Marauder  
  176  12:48  Marauder  
  176  12:49  Marauder  
  176  12:50  Marine  
  176  12:51  Siege Tank  
  186  12:53  Marauder  
  188  13:00  Barracks Reactor  
  188  13:02  Marine  
  188  13:03  Marine x2  
  187  13:06  Marauder  
  187  13:07  Siege Tank  
  187  13:09  Marauder  
  187  13:10  Marauder  
  196  13:15  Marauder  
  196  13:16  Command Center  
  193  13:20  Viking  
  193  13:22  Marine  
  193  13:23  Siege Tank  
  191  13:27  Viking, Marauder  
  191  13:31  Ghost, Marauder  
  191  13:32  Missile Turret  
  191  13:33  Missile Turret  
  191  13:34  Bunker  
  199  13:37  Personal Cloaking  
  199  13:57  Ghost  
  199  13:58  Ghost  
  199  13:59  Ghost  
  199  14:00  Ghost, Siege Tank  
  199  14:01  Orbital Command  
  159  14:10  Marine x3  
  159  14:11  Marine  
  159  14:12  Marine  
  159  14:14  SCV x2  
  159  14:15  SCV x2  
  162  14:23  Sensor Tower  
  162  14:25  Ghost, Siege Tank  
  162  14:26  SCV, Ghost  
  162  14:27  SCV x3  
  162  14:28  SCV  
  162  14:29  SCV  
  175  14:36  Marine, Marauder  
  175  14:38  SCV, Marine x2  
  179  14:42  Siege Tank  
  179  14:43  Marine, Marauder  
  179  14:44  Marine  
  188  14:47  Marine  
  189  14:55  Marauder  
  189  14:57  SCV x3, Siege Tank  
  197  15:03  Nuke  
  193  15:09  Ghost  
  177  15:16  Ghost x2  
  177  15:18  Ghost  
  170  15:22  Marine x5  
  170  15:24  Orbital Command  
  174  15:28  Siege Tank  
  174  15:35  Command Center  
  173  15:37  Siege Tank  
  173  15:38  Ghost  
  177  15:44  Marine x5, Medivac  
  177  15:45  Ghost x2  
  177  15:46  Ghost  
  177  15:47  SCV x2  
  177  15:49  SCV  
  193  15:59  Sensor Tower  
  193  16:15  Medivac  
  193  16:17  Terran Infantry Armor Level 3  
  192  16:18  Terran Vehicle Weapons Level 3  
  192  16:23  Marine  
  193  16:31  Marauder  
  192  16:34  Marauder  
  192  16:35  Ghost, Marauder, Siege Tank  
  192  16:36  Medivac, Siege Tank  
  192  16:39  Marine  
  181  16:45  Medivac  
  181  16:46  Marine  
  184  16:47  Starport  
  184  16:52  Concussive Shells  
  182  16:57  Orbital Command  
  182  17:00  Ghost, Command Center  
  182  17:02  Command Center  
  182  17:06  Medivac  
  182  17:07  Siege Tank  
  182  17:08  Siege Tank  
  190  17:12  SCV x5  
  195  17:24  SCV x2  
  178  17:34  SCV x3  
  178  17:36  SCV x2  
  178  17:37  Medivac  
  178  17:39  Siege Tank  
  178  17:40  Command Center  
  181  17:46  SCV x3  
  181  17:51  SCV  
  185  18:02  Starport Reactor  
  185  18:03  Supply Depot x2, Marine x2  
  185  18:10  Marine x2  
  185  18:12  SCV, Marine, Medivac, Marauder  
  191  18:16  Ghost  
  191  18:19  Siege Tank  
  188  18:23  Marine, Marauder  
  188  18:24  Orbital Command  
  188  18:26  Planetary Fortress  
  189  18:33  Medivac  
  181  18:41  Ghost  
  181  18:47  Marine x6  
  181  18:48  Marauder, Marine x2  
  180  18:55  Siege Tank  
  174  19:04  Siege Tank  
  174  19:05  Marine x6  
  174  19:06  Marauder x2  
  183  19:16  Marine  
  172  19:21  Marauder  
  172  19:23  Marine  
  170  19:26  Marine  
  170  19:27  Marauder, Marine x4, Siege Tank  
  172  19:34  Nuke  
  172  19:36  Siege Tank  
  165  19:58  Marine  
  165  19:59  Marauder x4, Siege Tank  
  160  20:00  Marine  
  142  20:07  Marine  
  142  20:13  Siege Tank  
  146  20:20  Marauder  
  148  20:24  SCV x5  
  153  20:31  Siege Tank  
  156  20:36  SCV x2  
  156  20:38  SCV  
  159  20:43  Orbital Command  
  159  20:48  Planetary Fortress  
  157  20:50  SCV  
  157  20:51  SCV  
  157  20:54  Marauder  
  151  20:58  SCV x2  
  151  20:59  SCV  
  154  21:09  SCV x3  
  154  21:10  SCV x2  
  154  21:11  SCV  
  154  21:21  SCV x2  
  133  21:27  Siege Tank  
  133  21:30  Marauder, Marine, Siege Tank  
  133  21:32  Marine  
  142  21:33  Marauder  
  145  21:47  Marine  
  146  21:57  Marine  
  146  21:59  Siege Tank  
  127  22:02  Marine, Siege Tank  
  127  22:04  Marine x3  
  127  22:05  Marine  
  114  22:10  Marine x4  
  110  22:15  Marine  
  110  22:20  Marine  
  110  22:21  Marine  
  110  22:22  Marine x2  
  114  22:23  Marine  
  114  22:27  Marine, Medivac x2  
  114  22:28  Orbital Command  
  117  22:33  Marine  
  118  22:39  Ghost  
  118  22:41  Marine, Marauder  
  123  22:51  Ghost  
  123  22:54  Ghost  
  123  22:57  Medivac x2  
  131  23:02  Ghost  
  132  23:08  Ghost  
Show
View Real Time Build Order
Export as new Build Order

Solar Zerg - Winner!

Build Orders: Hatch First 

Get SALT Encoding   

  12  0:00  Drone  
  13  0:12  Overlord  
  13  0:16  Drone  
  14  0:31  Drone x2  
  16  0:47  Hatchery  
  15  0:50  Drone  
  15  0:54  Drone  
  17  0:58  Drone  
  18  1:13  Spawning Pool  
  18  1:14  Extractor  
  18  1:16  Drone  
  17  1:20  Drone  
  18  1:28  Drone  
  19  2:00  Queen x2, Zergling x8  
  26  2:10  Zergling x2  
  26  2:14  Zergling x2  
  25  2:22  Overlord  
  25  2:26  Zergling x2  
  26  2:32  Drone x2  
  28  2:44  Drone x2  
  30  2:53  Queen  
  32  2:58  Overlord  
  32  3:05  Metabolic Boost  
  32  3:09  Drone  
  33  3:14  Drone x2  
  33  3:16  Drone  
  36  3:21  Drone  
  36  3:23  Drone  
  37  3:28  Drone x2  
  39  3:42  Hatchery  
  39  3:44  Drone  
  39  3:46  Drone  
  39  3:47  Drone  
  41  3:52  Overlord  
  41  3:58  Queen  
  43  4:04  Overlord  
  43  4:10  Drone x3  
  43  4:13  Drone x3  
  43  4:14  Drone  
  43  4:16  Drone  
  51  4:23  Overlord  
  51  4:25  Drone x2  
  51  4:26  Drone  
  51  4:29  Drone  
  55  4:33  Queen  
  55  4:36  Drone x2  
  55  4:38  Overlord  
  59  4:42  Drone  
  60  4:48  Drone x2  
  62  4:54  Queen  
  62  4:55  Drone  
  62  4:57  Extractor  
  62  4:58  Extractor  
  63  5:00  Drone  
  63  5:03  Lair  
  63  5:04  Drone  
  63  5:05  Drone  
  63  5:06  Drone x3  
  69  5:08  Drone x2  
  69  5:10  Spore Crawler  
  69  5:13  Drone, Queen  
  73  5:17  Spore Crawler  
  72  5:22  Drone, Baneling Nest  
  72  5:23  Drone x2  
  72  5:25  Drone  
  72  5:27  Spore Crawler  
  74  5:30  Overlord  
  74  5:33  Drone x3  
  78  5:38  Drone  
  78  5:39  Evolution Chamber  
  78  5:40  Evolution Chamber  
  78  5:41  Drone x4  
  82  5:45  Overlord  
  82  5:47  Overlord  
  82  5:49  Drone  
  85  5:50  Drone x2  
  85  5:55  Drone x3  
  88  5:57  Extractor  
  88  5:58  Extractor  
  88  6:00  Drone x2  
  87  6:04  Zergling x2  
  87  6:05  Centrifugal Hooks, Zergling x6  
  87  6:07  Baneling x2  
  87  6:08  Baneling x3  
  90  6:14  Zergling x8  
  90  6:15  Baneling x2, Zergling x2  
  90  6:17  Overlord  
  95  6:26  Overlord  
  95  6:28  Overlord  
  95  6:31  Zerg Melee Weapons Level 1  
  94  6:32  Hatchery  
  94  6:33  Zerg Ground Armor Level 1  
  94  6:36  Baneling  
  94  6:39  Zergling x8  
  97  6:43  Zergling x4  
  97  6:44  Overlord  
  97  6:46  Drone x3  
  100  6:50  Baneling  
  100  6:52  Zergling x6  
  103  6:54  Drone x2  
  103  6:55  Hydralisk Den  
  103  6:56  Overseer  
  103  6:58  Overlord  
  103  6:59  Zergling x4  
  106  7:05  Zergling x6  
  109  7:17  Drone x3  
  109  7:18  Baneling  
  109  7:19  Drone  
  112  7:24  Drone x3  
  112  7:25  Zergling x2  
  112  7:26  Zergling x2  
  112  7:27  Drone  
  116  7:32  Baneling x2  
  116  7:34  Zergling x10  
  120  7:42  Grooved Spines  
  120  7:45  Overlord, Queen  
  120  7:46  Drone x3  
  120  7:51  Zergling x2  
  123  7:54  Pneumatized Carapace  
  123  7:58  Zergling x6  
  124  8:05  Zergling x10  
  129  8:06  Baneling x2  
  129  8:07  Baneling x2, Drone  
  130  8:13  Zergling x2  
  130  8:17  Zergling x6  
  134  8:23  Overlord  
  134  8:26  Drone  
  134  8:27  Hatchery  
  133  8:28  Hydralisk x5  
  133  8:33  Drone  
  143  8:34  Zerg Ground Armor Level 2, Zerg Melee Weapons Level 2  
  143  8:35  Overlord  
  143  8:36  Overlord  
  143  8:37  Infestation Pit, Overlord  
  143  8:40  Burrow  
  142  8:42  Drone x2, Spore Crawler  
  142  8:43  Drone x2  
  142  8:44  Drone x2  
  147  8:48  Baneling  
  147  8:49  Baneling  
  147  8:50  Zergling x6  
  147  8:53  Muscular Augments  
  147  8:55  Hydralisk  
  150  9:01  Extractor  
  150  9:02  Drone x2  
  153  9:03  Drone x3  
  153  9:04  Hatchery, Overlord  
  153  9:06  Zergling x10  
  159  9:11  Hydralisk x2  
  159  9:13  Overlord  
  163  9:17  Drone, Hive  
  163  9:18  Drone  
  163  9:20  Zergling x2  
  159  9:26  Zergling x2  
  159  9:27  Zergling x2  
  161  9:31  Zergling x24  
  161  9:36  Baneling x4  
  161  9:37  Drone x2  
  173  9:39  Overlord, Swarm Host  
  173  9:43  Drone  
  173  9:45  Hydralisk  
  176  9:49  Hydralisk x3  
  182  9:54  Hatchery, Drone  
  182  9:56  Drone  
  182  9:57  Lurker Den, Extractor  
  181  10:03  Zergling x22  
  181  10:04  Baneling x7  
  186  10:07  Zergling x4  
  186  10:12  Zergling x4  
  190  10:18  Drone x4  
  194  10:21  Drone  
  194  10:23  Zergling x2  
  196  10:29  Spore Crawler  
  196  10:30  Viper  
  196  10:34  Adrenal Glands  
  198  10:43  Viper  
  198  10:49  Zergling x6  
  200  10:50  Nydus Network, Zerg Missile Weapons Level 1  
  200  10:56  Drone x2, Seismic Spines  
  200  10:57  Drone x2  
  198  11:01  Drone  
  198  11:03  Drone  
  197  11:11  Baneling x3  
  197  11:16  Drone x2  
  199  11:19  Spore Crawler  
  199  11:22  Drone x2  
  200  11:28  Zerg Ground Armor Level 3  
  200  11:30  Hatchery  
  200  11:32  Nydus Canal  
  199  11:34  Drone  
  197  11:47  Zergling x4  
  197  11:53  Adaptive Talons  
  197  11:54  Zergling x12  
  182  11:57  Zergling x62  
  195  12:01  Hydralisk x3  
  195  12:06  Baneling x13  
  197  12:10  Drone x8  
  197  12:12  Zergling x6  
  197  12:13  Zergling x2  
  194  12:18  Zergling x20  
  194  12:21  Zergling x12  
  198  12:23  Zergling x6  
  198  12:32  Nydus Canal  
  198  12:33  Overseer  
  198  12:34  Overseer  
  198  12:36  Lurker  
  199  12:37  Lurker  
  199  12:41  Baneling x19  
  200  12:54  Hatchery  
  200  12:55  Drone  
  200  13:01  Zergling x12  
  200  13:07  Overseer x4  
  197  13:13  Nydus Canal  
  197  13:18  Zergling x20  
  198  13:25  Zergling x26  
  199  13:27  Zergling x6  
  199  13:31  Nydus Canal  
  197  13:37  Drone x2  
  199  13:46  Nydus Canal  
  199  13:47  Baneling x5  
  199  13:53  Zergling x8  
  199  13:54  Zergling x2  
  187  14:03  Zergling x14  
  187  14:04  Zergling x20  
  187  14:07  Hydralisk x3  
  187  14:08  Zergling x6  
  187  14:09  Overlord  
  185  14:12  Zergling x16  
  185  14:14  Zergling x12  
  185  14:15  Zerg Missile Weapons Level 2  
  185  14:16  Zerg Melee Weapons Level 3  
  190  14:17  Overlord x4  
  190  14:18  Overseer x3  
  190  14:20  Baneling x12  
  190  14:21  Overlord  
  190  14:27  Overlord  
  190  14:29  Zergling x16  
  190  14:30  Baneling x4  
  190  14:31  Overseer, Baneling x4  
  198  14:33  Nydus Canal  
  198  14:38  Zergling x4  
  200  14:57  Nydus Canal  
  191  15:07  Zergling x10  
  191  15:10  Hydralisk x2  
  191  15:11  Zergling x40  
  194  15:17  Zergling x26  
  194  15:19  Zergling x10  
  198  15:22  Zergling x6  
  198  15:24  Zergling x4  
  199  15:37  Hatchery  
  198  15:43  Baneling  
  198  15:44  Baneling x33  
  198  15:45  Zergling x4  
  198  15:46  Baneling  
  198  15:47  Baneling x4  
  200  15:52  Spore Crawler  
  200  15:54  Hatchery  
  200  15:57  Drone x2  
  200  16:04  Overseer  
  200  16:08  Spore Crawler  
  200  16:11  Drone  
  200  16:15  Drone  
  197  16:31  Viper x2  
  189  16:34  Zergling x24  
  189  16:35  Zergling x12  
  189  16:38  Drone x15  
  189  16:39  Zergling x14  
  194  16:40  Zergling x20  
  194  16:43  Zergling x10  
  195  16:48  Zergling x6  
  195  16:53  Hatchery  
  197  16:54  Drone x2  
  197  16:56  Drone x3  
  199  17:03  Zergling x2  
  199  17:04  Baneling  
  199  17:05  Baneling x8  
  196  17:26  Zergling x12  
  196  17:27  Zergling x26  
  190  17:30  Zergling x16  
  190  17:35  Zergling x6  
  177  17:38  Zergling x2  
  177  17:39  Zergling x14  
  177  17:41  Hydralisk  
  186  17:44  Baneling  
  186  17:45  Baneling x23  
  186  17:48  Hydralisk x4, Baneling x13  
  186  17:49  Zergling x8  
  186  17:50  Baneling x12  
  198  17:53  Zergling x2  
  198  17:54  Overseer  
  197  18:00  Zergling x4  
  197  18:04  Zergling x6  
  198  18:05  Baneling  
  198  18:06  Baneling x3  
  191  18:18  Zergling x8  
  191  18:19  Zergling x20  
  191  18:30  Zergling x20  
  191  18:31  Zergling x16  
  191  18:36  Zergling x2  
  191  18:37  Zergling x4  
  191  18:39  Nydus Canal  
  191  18:43  Zergling x10  
  191  18:46  Hydralisk x3  
  191  18:47  Zergling x20  
  193  18:51  Zergling x4  
  193  18:53  Zergling x2  
  193  18:54  Zergling x10  
  196  19:00  Zergling x2  
  185  19:03  Drone x8  
  185  19:07  Lair  
  192  19:10  Zergling x2  
  192  19:14  Zergling x10  
  193  19:18  Hydralisk x2  
  193  19:22  Zergling x2  
  180  19:25  Zergling x12  
  180  19:31  Lurker  
  185  19:34  Drone  
  185  19:35  Drone  
  185  19:37  Drone x2  
  185  19:38  Drone x3  
  191  19:44  Baneling x6  
  191  19:45  Hatchery  
  189  19:46  Zergling x8  
  186  19:54  Zergling x4  
  186  19:57  Hydralisk x3  
  186  19:58  Hydralisk  
  184  20:01  Zergling x4  
  184  20:05  Hydralisk x2  
  177  20:12  Drone  
  177  20:13  Drone x3  
  174  20:17  Drone x3  
  174  20:20  Zergling x12  
  182  20:22  Hatchery  
  182  20:25  Nydus Canal  
  182  20:26  Lurker x5  
  186  20:30  Zergling x12  
  186  20:33  Hatchery, Baneling x6  
  186  20:34  Baneling x11  
  189  20:39  Zergling x6  
  191  20:43  Zergling x6  
  191  20:48  Zergling x6  
  192  20:52  Unknown  
  192  20:53  Drone x4  
  192  20:54  Zergling x2  
  196  20:58  Zergling x4  
  198  21:04  Zergling x2  
  198  21:05  Zergling x2  
  189  21:25  Zergling x34  
  182  21:29  Zergling x4  
  182  21:32  Zergling x8  
  184  21:33  Baneling  
  184  21:34  Baneling x5  
  184  21:35  Zergling x2  
  184  21:36  Baneling  
  184  21:37  Zergling x6  
  185  21:43  Zergling x12  
  185  21:44  Nydus Canal  
  192  21:47  Zergling x8  
  192  21:50  Zergling x2  
  190  21:56  Zergling x10  
  190  21:59  Zergling x6  
  186  22:02  Zergling x6  
  186  22:06  Hydralisk x3  
  177  22:10  Zergling x4  
  158  22:16  Zergling x10  
  158  22:18  Zergling x4  
  158  22:20  Drone  
  156  22:23  Drone x2  
  156  22:25  Drone  
  156  22:26  Drone  
  156  22:28  Drone x3  
  160  22:30  Zergling x8  
  160  22:36  Zergling x4  
  165  22:37  Extractor  
  165  22:40  Zergling x2  
  165  22:41  Baneling x4, Zergling x8  
  169  22:47  Zergling x4  
  171  22:53  Hatchery, Zergling x10  
  171  22:54  Baneling x8  
  171  22:55  Baneling x2  
  175  23:01  Zergling x16  
  175  23:04  Zergling x20  
  190  23:08  Zergling x6  
  193  23:18  Zergling x12  

Tags
 
Add a new tag
Caveats
  • Supply blocks, unpowered buildings, or Contaminate may cause inaccurate times.
  • Supply counts are checked every 10 seconds.